 Dungeon Crawl Stone Soup version 0.28.0-53-g5a82cb258f (webtiles) character file.

Game seed: 14729798806307481606

117 Ashen the Magician (level 4, -4/32 HPs)
             Began as a Mummy Fire Elementalist on July 24, 2022.
             Slain by an orc
             ... wielding a +0 trident
              (8 damage)
             ... on level 3 of the Dungeon.
             The game lasted 00:06:00 (2699 turns).

Ashen the Magician (Mummy Fire Elementalist)        Turns: 2699, Time: 00:06:00

Health: -4/32      AC:  4    Str: 11    XL:     4   Next: 71%
Magic:  3/9        EV: 11    Int: 16    God:
Gold:   135        SH:  0    Dex: 12    Spells: 4/10 levels left

rFire   x . .      SeeInvis .   b - +0 whip
rCold   + . .      Faith    +   (no shield)
rNeg    + + +      Spirit   .   g - +0 leather armour
rPois   ∞          Reflect  .   (no helmet)
rElec   .          Harm     .   h - +0 cloak
rCorr   .          Rampage  .   (no gloves)
Will    .....                   (no boots)
Stlth   ++........              e - amulet of faith
HPRegen 0.10/turn               (no ring)
MPRegen 0.11/turn               (no ring)

@: no status effects
A: cold resistance 1, negative energy resistance 3, torment resistance 2, heat
vulnerability 1, no potions
a: no special abilities


You were on level 3 of the Dungeon.
You visited 1 branch of the dungeon, and saw 3 of its levels.

You collected 135 gold pieces.

Inventory:

Hand Weapons
 b - a +0 whip (weapon)
 i - a +3 quarterstaff of chaos
Armour
 g - a +0 leather armour (worn)
 h - a +0 cloak (worn)
Jewellery
 e - an amulet of faith (around neck)
Scrolls
 a - a scroll of vulnerability {unknown}
 c - 3 scrolls of fear {unknown}
 d - a scroll of identify {unknown}
 f - a scroll of holy word {unknown}
 j - a scroll of teleportation {unknown}


   Skills:
 + Level 1.5 Fighting
 + Level 2.2 Dodging
 + Level 2.1 Stealth
 + Level 3.5 Spellcasting
 + Level 1.6 Conjurations
 + Level 2.8 Fire Magic


You had 4 spell levels left.
You knew the following spells:

 Your Spells              Type           Power      Damage    Failure   Level
a - Foxfire               Conj/Fire      40%        2x1d6     10%         1
b - Scorch                Fire           24%        2d6       11%         2
c - Conjure Flame         Conj/Fire      10%        6-21      28%         3

Your spell library contained the following spells:

 Spells                   Type           Power      Damage    Failure   Level
 Inner Flame              Hex/Fire       7%         N/A       36%         3
 Dazzling Flash           Conj/Hex       10%        N/A       45%         3
 Flame Wave               Conj/Fire      10%        2d5       67%         4
 Agony                    Necr           2%         N/A       100%        5
 Silence                  Hex/Air        1%         N/A       100%        5


Dungeon Overview and Level Annotations

Branches:
Dungeon (3/15)

Altars:
Yredelemnul

Shops:
D:2 (


Innate Abilities, Weirdness & Mutations

You are immune to poison.
Your flesh is cold resistant. (rC+)
You are immune to negative energy. (rN+++)
You are immune to unholy pain and torment.
You are vulnerable to heat. (rF-)
You do not drink.


Message History

The orc is severely wounded.
Casting: Foxfire (safe; 10% risk of failure)
Confirm with . or Enter, or press ? or * to list all spells.
You conjure some foxfire!
Your foxfire dissipates!
The foxfire hits the orc.
The orc is moderately wounded.
Casting: Foxfire (safe; 10% risk of failure)
Confirm with . or Enter, or press ? or * to list all spells.
You conjure some foxfire!
The orc hits you with a +0 flail.
Casting: Foxfire (safe; 10% risk of failure)
Confirm with . or Enter, or press ? or * to list all spells.
You conjure some foxfire!
The foxfire hits the orc.
The orc is almost dead.
The foxfire hits the orc.
You kill the orc!
Casting: Foxfire (safe; 10% risk of failure)
Confirm with . or Enter, or press ? or * to list all spells.
You conjure some foxfire!
The foxfire hits the orc but does no damage.
The foxfire hits the orc.
The orc is heavily wounded.
The orc hits you from afar with a +0 trident.
Casting: Foxfire (safe; 10% risk of failure)
Confirm with . or Enter, or press ? or * to list all spells.
You conjure some foxfire!
The foxfire hits the orc.
The orc is almost dead.
The foxfire hits the orc but does no damage.
The orc is almost dead.
The orc hits you from afar with a +0 trident!
* * * LOW HITPOINT WARNING * * *
The foxfire hits the orc but does no damage.
The orc is almost dead.
The foxfire hits the orc but does no damage.
The orc is almost dead.
Casting: Foxfire (safe; 10% risk of failure)
Confirm with . or Enter, or press ? or * to list all spells.
You conjure some foxfire!
The orc hits you from afar with a +0 trident!
You die...

.# ##########...
#.........#
#.......>.#
#...#'#...# ###.#.#
### ##.#.#
########..#.#
#.@...##.##.##
#vv.o.##.#...#
#...o)##.#._.#.. ..
#........#...#.. ..
#.....#..##.##. ...
#.........#.#.....
#.........#.#.#.#
#####..##.#.#...###
##..###.#'#....$#


You could see 2 orcs.

Vanquished Creatures
  Crazy Yiuf (D:2)
  3 adders (D:2)
  A dart slug (D:1)
  2 orcs (D:3)
  6 ball pythons
  2 bats
  5 endoplasms
  A giant cockroach (D:2)
  4 goblins
  7 hobgoblins
  2 jackals (D:2)
  A quokka (D:3)
  15 frilled lizards
  3 kobolds
  6 rats
59 creatures vanquished.

Vanquished Creatures (others)
  125 foxfires
  7 plants (D:1)
132 creatures vanquished.

Grand Total: 191 creatures vanquished

Notes
Turn   | Place    | Note
-------+----------+-------------------------------------------
     0 | D:1      | Ashen the Mummy Fire Elementalist began the quest for the
                  | Orb.
     0 | D:1      | Reached XP level 1. HP: 13/13 MP: 4/4
   144 | D:1      | Reached XP level 2. HP: 14/20 MP: 0/5
   252 | D:1      | Found a faded altar of an unknown god.
   348 | D:1      | Reached skill level 1 in Conjurations
   406 | D:1      | Reached skill level 3 in Spellcasting
  1204 | D:1      | Learned a level 2 spell: Scorch
  1216 | D:2      | Reached XP level 3. HP: 25/25 MP: 5/7
  1291 | D:2      | Reached skill level 1 in Fighting
  1558 | D:2      | Reached XP level 4. HP: 32/32 MP: 6/8
  1607 | D:2      | Found Potri's Antique Weapon Shoppe.
  1774 | D:2      | Found a runed translucent door.
  1775 | D:2      | Noticed Crazy Yiuf
  1811 | D:2      | Learned a level 3 spell: Conjure Flame
  1968 | D:2      | Killed Crazy Yiuf
  2661 | D:3      | Found a basalt altar of Yredelemnul.
  2699 | D:3      | Slain by an orc

Illustrated notes

Levels and vault maps discovered:
D:1:      ebering_trefoil_3fold, layout_basic, chequers_ecumenical_altar_grove,
          minmay_lizard_king
D:2:      layout_rooms, serial_shops, shop_coins, uniq_crazy_yiuf_cottage
D:3:      layout_rooms, mainiacjoe_overflow_surrounded_room,
          ebering_ghost_disaster_area

Skill      XL: |  1  2  3 |
---------------+----------+-----
Conjurations   | 1 |  1.6
Spellcasting   | 3 |  3.5
Fighting       | 1 |  1.5
Dodging        | 2 |  2.2
Stealth        | 2 |  2.1
Fire Magic     | |  2.8

Action                   |  1- 3 |  4- 6 || total
-------------------------+-------+-------++-------
Melee: Whip              |    43 |    35 ||    78
 Cast: Foxfire           |    45 |    29 ||    74
       Scorch            |       |     1 ||     1
 Stab: Sleeping          |       |     1 ||     1
Armor: Robe              |     3 |       ||     3
       Leather armour    |     9 |     6 ||    15
Dodge: Dodged            |    26 |    26 ||    52
